Map: Kairos Junction LE

Players

Trap

  • Race: Protoss Protoss
  • Spawn Location: 5:00

Bly - Winner!

  • Race: Zerg Zerg
  • Spawn Location: 11:00

Event: IEM Season 13: Katowice (2019)

VOD

Have the link to the VOD?

Description

Time

  • Played on: Feb. 25, 2019, 11:37 a.m.
  • Length: 15:01

All games in this series

Show
View Real Time Build Order
Export as new Build Order

Trap Protoss 

Build Orders: 1 Gate Expand 

Get SALT Encoding   

  12  0:00  Probe  
  13  0:12  Probe  
  14  0:18  Pylon  
  14  0:24  Probe  
  15  0:32  Probe  
  15  0:40  Probe  
  16  0:43  Gateway  
  17  0:51  Probe, Assimilator  
  18  0:58  Pylon  
  18  1:03  Probe  
  19  1:15  Probe  
  20  1:30  Cybernetics Core  
  20  1:37  Nexus  
  20  1:44  Pylon  
  20  1:46  Probe  
  21  1:54  Assimilator  
  21  1:56  Adept  
  21  1:59  Probe  
  24  2:12  Pylon  
  24  2:13  Probe  
  25  2:17  Warp Gate  
  25  2:20  Stalker  
  24  2:25  Probe  
  27  2:37  Probe  
  28  2:49  Probe  
  29  2:59  Robotics Facility  
  29  3:03  Sentry, Probe x2  
  33  3:14  Gateway  
  33  3:16  Shield Battery  
  33  3:19  Probe  
  34  3:26  Stalker  
  34  3:27  Shield Battery  
  32  3:35  Immortal  
  29  3:54  Pylon  
  25  4:07  Observer  
  22  4:20  Probe  
  22  4:23  Probe  
  21  4:35  Probe x2  
  21  4:46  Probe  
  21  4:49  Probe  
  23  4:54  Probe  
  24  5:01  Probe  
  24  5:02  Probe  
  26  5:09  Warp Prism  
  26  5:13  Probe  
  27  5:15  Probe  
  30  5:25  Probe  
  30  5:27  Probe  
  32  5:37  Probe  
  32  5:39  Probe  
  34  5:49  Probe x2  
  35  5:54  Immortal  
  40  5:57  Probe  
  40  6:02  Probe  
  42  6:07  Probe  
  42  6:08  Adept x2  
  47  6:14  Probe  
  47  6:17  Pylon  
  48  6:22  Probe  
  49  6:26  Probe  
  50  6:33  Immortal  
  50  6:39  Probe  
  55  6:40  Assimilator x2  
  55  6:43  Pylon  
  55  6:47  Probe  
  55  6:50  Probe  
  57  6:55  Probe  
  57  7:01  Stalker x2  
  60  7:02  Probe  
  60  7:08  Probe  
  63  7:14  Probe  
  65  7:18  Gateway  
  65  7:24  Immortal, Gateway  
  65  7:25  Sentry x2  
  73  7:37  Probe  
  73  7:43  Pylon  
  74  7:47  Pylon  
  74  7:50  Sentry x2  
  78  8:05  Stargate  
  78  8:09  Pylon  
  78  8:11  Pylon  
  78  8:12  Pylon  
  78  8:15  Pylon  
  78  8:16  Stargate  
  78  8:33  Shield Battery  
  78  8:34  Sentry, Shield Battery, Zealot  
  80  8:42  Pylon  
  80  8:45  Pylon  
  80  8:47  Pylon  
  80  8:49  Phoenix  
  80  8:52  Phoenix  
  84  9:11  Phoenix  
  84  9:13  Observer  
  84  9:16  Phoenix  
  86  9:19  Probe x2  
  86  9:21  Cybernetics Core  
  90  9:24  Zealot  
  90  9:25  Zealot x2  
  90  9:29  Phoenix  
  96  9:32  Phoenix  
  98  9:43  Probe x2  
  98  9:44  Pylon  
  102  9:50  Phoenix  
  102  9:53  Phoenix  
  106  10:03  Forge, Protoss Air Weapons Level 1  
  106  10:07  Phoenix  
  106  10:11  Phoenix  
  110  10:25  Phoenix  
  110  10:33  Phoenix  
  114  10:45  Zealot x2  
  114  10:46  Zealot  
  114  10:47  Protoss Ground Weapons Level 1  
  118  10:50  Phoenix  
  116  10:58  Phoenix  
  116  11:10  Zealot x3  
  118  11:16  Phoenix  
  108  11:23  Phoenix  
  94  11:36  Zealot  
  94  11:37  Zealot x2  
  94  11:41  Phoenix  
  92  11:54  Phoenix  
  90  12:03  Gateway  
  90  12:05  Gateway  
  90  12:06  Phoenix  
  92  12:08  Gateway  
  92  12:09  Sentry x3  
  92  12:11  Gateway  
  92  12:12  Immortal  
  102  12:35  Sentry x2, Zealot  
  108  12:38  Immortal  
  110  12:59  Sentry, Zealot x3  
  110  13:00  Zealot  
  110  13:05  Sentry, Zealot  
  122  13:07  Warp Prism  
  125  13:22  Pylon  
  125  13:24  Pylon  
  125  13:35  Sentry x3  
  125  13:36  Zealot  
  133  13:43  Zealot x2  
  133  13:44  Zealot  
  133  13:45  Observer  
  140  14:03  Sentry x2, Zealot x2  
  140  14:04  Zealot  
  130  14:25  Sentry x3  
  130  14:27  Zealot x3  
  86  14:51  Zealot x4  
  86  14:52  Zealot  
Show
View Real Time Build Order
Export as new Build Order

Bly Zerg - Winner!

Build Orders: Pool First, Swarm Host 

Get SALT Encoding   

  12  0:01  Drone  
  13  0:13  Overlord  
  13  0:18  Drone  
  14  0:31  Drone x2  
  16  0:41  Spawning Pool  
  15  0:46  Drone  
  16  0:50  Extractor  
  16  0:51  Drone  
  16  0:59  Drone  
  17  1:18  Hatchery  
  16  1:27  Zergling x2  
  16  1:28  Zergling x2  
  16  1:30  Zergling x2  
  19  1:44  Roach Warren  
  18  1:56  Burrow  
  18  1:59  Drone  
  19  2:03  Overlord  
  19  2:25  Roach x3  
  25  2:33  Roach  
  26  2:45  Roach  
  27  2:53  Roach  
  27  2:55  Queen  
  30  3:00  Drone x2  
  30  3:04  Drone  
  33  3:14  Drone x2  
  35  3:22  Overlord  
  35  3:34  Roach  
  35  3:36  Metabolic Boost  
  35  3:42  Drone x2  
  35  3:44  Drone x2  
  39  3:49  Drone x2  
  41  4:01  Roach x3  
  41  4:04  Roach x3  
  41  4:09  Roach x3, Drone  
  42  4:10  Drone x2  
  44  4:22  Overlord  
  44  4:28  Overlord  
  44  4:32  Queen  
  44  4:34  Queen  
  44  4:37  Hatchery  
  44  4:38  Drone x3  
  44  4:51  Drone x2  
  44  4:52  Drone x3  
  45  4:57  Drone x3  
  46  5:03  Overlord  
  46  5:08  Extractor  
  46  5:12  Queen x2  
  49  5:17  Extractor, Overlord  
  49  5:18  Drone  
  49  5:19  Drone  
  50  5:31  Drone x3  
  53  5:35  Overlord  
  53  5:36  Roach  
  53  5:37  Roach  
  57  5:54  Lair  
  57  5:57  Roach  
  57  5:58  Roach x3, Queen x2  
  57  6:00  Overlord  
  57  6:01  Zergling x6  
  72  6:10  Zergling x2  
  72  6:11  Zergling x8  
  76  6:14  Overlord  
  76  6:15  Zergling x6  
  79  6:26  Zergling x8  
  82  6:40  Ravager x5  
  82  6:42  Overlord, Zergling x8  
  82  6:45  Spore Crawler x2  
  88  6:47  Spore Crawler  
  88  6:50  Overlord  
  88  6:51  Overlord  
  87  6:56  Overlord  
  87  7:05  Overlord  
  87  7:06  Overseer  
  87  7:07  Roach x4  
  94  7:19  Ravager  
  94  7:26  Drone x2  
  94  7:27  Drone x7  
  101  7:47  Roach x6  
  101  7:48  Glial Reconstitution  
  112  8:05  Roach x4  
  117  8:07  Overlord  
  117  8:10  Drone x2  
  119  8:23  Overlord  
  119  8:31  Overlord  
  119  8:33  Drone x2, Extractor  
  120  8:36  Infestation Pit  
  120  8:37  Zergling x2  
  120  8:38  Zergling x6  
  123  9:02  Drone x2  
  125  9:15  Drone x2  
  125  9:16  Drone  
  128  9:29  Swarm Host  
  128  9:30  Swarm Host x7  
  128  9:31  Overlord  
  152  9:34  Hatchery  
  152  9:38  Extractor  
  150  9:39  Extractor, Swarm Host  
  150  9:42  Overlord  
  152  9:55  Hatchery, Swarm Host  
  152  9:56  Swarm Host x2  
  152  9:57  Overlord  
  160  10:01  Drone x3  
  160  10:02  Drone x2  
  165  10:21  Overlord x2  
  165  10:22  Drone x7  
  165  10:23  Drone x3, Hydralisk Den  
  174  10:35  Evolution Chamber  
  173  10:47  Queen x2  
  177  10:53  Overlord, Zergling x16  
  183  11:03  Zergling x4  
  175  11:11  Hydralisk x4, Muscular Augments  
  175  11:12  Queen x2  
  160  11:27  Roach x6  
  160  11:30  Hive  
  154  11:41  Hydralisk x5  
  154  11:42  Queen  
  154  11:43  Overseer  
  160  11:52  Zerg Missile Weapons Level 1  
  160  11:53  Hydralisk x5  
  168  12:00  Hydralisk x2  
  163  12:06  Hydralisk x2  
  155  12:10  Hydralisk x2  
  155  12:13  Hydralisk x5  
  160  12:22  Grooved Spines  
  160  12:25  Hydralisk x4  
  165  12:34  Hydralisk x2  
  163  12:47  Viper  
  163  12:51  Drone x2  
  166  13:05  Viper  
  166  13:10  Hydralisk x5  
  166  13:12  Zergling x18  
  188  13:32  Overlord x2  
  188  13:33  Overseer, Overlord x2  
  184  13:50  Overlord  
  184  13:59  Roach x3  
  184  14:00  Overlord  
  191  14:02  Ravager  
  191  14:03  Ravager  
  171  14:20  Hydralisk x9  
  178  14:28  Roach x5  
  167  14:42  Roach x4  

Tags
 
Add a new tag
Caveats
  • Supply blocks, unpowered buildings, or Contaminate may cause inaccurate times.
  • Supply counts are checked every 10 seconds.